 Dungeon Crawl Stone Soup version 0.28-a0-1510-gd0f6b136d3 (webtiles) character file.

Game seed: 12689374340931696664

5591 Gwenloh the Fighter (level 10, -4/113 HPs)
             Began as an Ogre Berserker on Jan 15, 2022.
             Was a Priest of Trog.
             Slain by a yak (10 damage)
             ... on level 9 of the Dungeon.
             The game lasted 00:23:46 (10876 turns).

Gwenloh the Fighter (Ogre Berserker)               Turns: 10876, Time: 00:23:47

Health: -4/113     AC:  4    Str: 23    XL:     10   Next: 72%
Magic:  10/10      EV: 10    Int:  8    God:    Trog [***...]
Gold:   197        SH:  0    Dex: 12    Spells: 9/9 levels left

rFire   . . .      SeeInvis +   u - +0 flail (holy)
rCold   . . .      Faith    +   (no shield)
rNeg    . . .      Spirit   .   b - +0 animal skin
rPois   .          Reflect  .   (helmet restricted)
rElec   .          Harm     .   f - +0 cloak
rCorr   .          Rampage  .   (gloves unavailable)
Will    ++...                   (boots unavailable)
Stlth   +.........              r - amulet of faith
HPRegen 0.28/turn               q - ring of see invisible
MPRegen 0.12/turn               w - ring of willpower

@: on berserk cooldown, slowed, very slow
A: large, unfitting armour, tough skin 1
a: Renounce Religion, Berserk, Trog's Hand


You were on level 9 of the Dungeon.
You worshipped Trog.
Trog was most pleased with you.
You visited 1 branch of the dungeon, and saw 9 of its levels.

You collected 340 gold pieces.
You spent 143 gold pieces at shops.

Inventory:

Hand Weapons
 d - a +0 spear
 e - a +2 whip of flaming
 u - a +0 flail of holy wrath (weapon)
 K - a +5 battleaxe
Missiles
 s - 5 javelins
 t - 5 poisoned darts (quivered)
 x - 179 stones
Armour
 b - a +0 animal skin (worn)
 f - a +0 cloak (worn)
Jewellery
 q - a ring of see invisible (left hand)
 r - an amulet of faith (around neck)
 w - a ring of willpower (right hand)
 C - an amulet of magic regeneration
 D - an amulet of regeneration
Wands
 a - a wand of iceblast (8)
 y - a wand of flame (25)
 z - a wand of acid (3)
 E - a wand of digging (1)
Scrolls
 h - 2 scrolls of fog
 i - 3 scrolls of teleportation
 k - 2 scrolls of blinking
 m - 2 scrolls of enchant weapon
 n - a scroll of holy word
 v - a scroll of brand weapon
 A - a scroll of vulnerability
 F - a scroll of fear
 G - a scroll of enchant armour {unknown}
 H - a scroll of silence {unknown}
Potions
 c - 2 potions of flight {unknown}
 g - 2 potions of heal wounds
 j - a potion of resistance {unknown}
 l - a potion of ambrosia {unknown}
 o - 4 potions of curing
 p - a potion of lignification {unknown}
 B - 2 potions of might {unknown}
 I - a potion of mutation {unknown}
 J - a potion of attraction {unknown}
 L - a potion of degeneration {unknown}
 M - a potion of berserk rage {unknown}


   Skills:
 + Level 11.1 Fighting
 * Level 10.7 Maces & Flails
 + Level 7.4 Throwing
 - Level 2.6 Dodging


You had 9 spell levels left.
You didn't know any spells.
Your spell library was empty.

Dungeon Overview and Level Annotations

Branches:
Dungeon (9/15)             Temple (0/1) D:5
   Lair: D:8-11         Orc: D:9-12

Altars:
Ashenzari
Elyvilon
Gozag
Kikubaaqudgha
Qazlal
Trog
Yredelemnul
Zin
The Shining One

Shops:
D:2 *   D:3 [   D:6 !

Annotations:
D:6 Eustachio


Innate Abilities, Weirdness & Mutations

You are too large for most types of armour.
You have tough skin. (AC +1)


Message History

The yak is heavily wounded.
The yak gores you!
You hit the yak.
The yak is heavily wounded.
You barely miss the yak.
The yak is heavily wounded.
The yak barely misses you.
You sock the yak!
The yak is almost dead.
The yak gores you.
You barely miss the yak.
The yak is almost dead.
You barely miss the yak.
The yak is almost dead.
The yak gores you.
You sock the yak!
You kill the yak!
Trog accepts your kill.
You are no longer berserk.
You are exhausted.
You feel yourself slow down. The yak gores you!
Things that are here:
a yak corpse; a yak corpse You barely miss the yak.
The yak gores you.
You sock the yak!
The yak is lightly wounded.
The yak gores you! x2
* * * LOW HITPOINT WARNING * * *
You hit the yak.
The yak is lightly wounded.
The yak gores you!
* * * LOW HITPOINT WARNING * * *
You thump the yak!
The yak is moderately wounded.
The yak gores you!
* * * LOW HITPOINT WARNING * * *
You hit the yak.
The yak is heavily wounded.
The yak gores you!
You die...

#..'.........#
#.##....>..#.#
#.##########.# #.#
#######'##### #.#
#...........# #.#
#...........# #.#
#...........# #†#
#............ #@#
##...........#
...(...Y.........#.#####
.........####......# #
.........#######..######
(..(....................
......$..########..#####
.........# ##.# #
.........# ... # ....#


You could see a yak.

Vanquished Creatures
  A two-headed ogre (D:8)
  A troll (D:9)
  A hornet (D:8)
  12 yaks
  A steam dragon (D:7)
  Menkaure (D:6)
  A water moccasin (D:5)
  A black bear (D:5)
  2 sky beasts
  4 necrophages
  An ogre (D:7)
  A centaur (D:7)
  2 phantoms
  A kobold brigand (D:7)
  2 bullfrogs
  A water moccasin zombie (D:5)
  5 killer bees (D:7)
  5 wights (D:9)
  3 howler monkeys (D:8)
  A centaur zombie (D:7)
  3 bullfrog zombies
  3 jellies
  2 centaur skeletons (D:7)
  3 orc wizards
  Ijyb (D:4)
  5 iguanas
  A killer bee zombie (D:7)
  A hound zombie (D:5)
  Robin (D:4)
  A howler monkey zombie (D:8)
  4 gnolls (D:5)
  3 adders
  A shadow imp (D:7)
  4 white imps (D:7)
  2 ufetubi
  An adder skeleton (D:2)
  2 dart slugs
  25 orcs
  A bat zombie (D:2)
  10 endoplasms
  3 giant cockroaches
  10 goblins
  9 hobgoblins
  7 ball pythons
  2 ball python skeletons (D:2)
  4 bats
  3 frilled lizards
  6 kobolds
  A quokka skeleton (D:2)
  3 rats
169 creatures vanquished.

Notes
Turn   | Place    | Note
-------+----------+-------------------------------------------
     0 | D:1      | Gwenloh the Ogre Berserker began the quest for the Orb.
     0 | D:1      | Reached XP level 1. HP: 24/24 MP: 1/1
   209 | D:1      | Reached XP level 2. HP: 14/32 MP: 2/2
   491 | D:1      | You fall into a shaft and drop 1 floor!
   680 | D:2      | Reached XP level 3. HP: 35/40 MP: 3/3
   725 | D:2      | Found Sihen's Assorted Antiques.
  1629 | D:2      | Reached ** piety under Trog
  2042 | D:3      | Reached XP level 4. HP: 49/49 MP: 4/4
  2047 | D:3      | Reached skill level 5 in Fighting
  2460 | D:3      | Found Xyor's Armour Boutique.
  2666 | D:3      | Reached XP level 5. HP: 53/57 MP: 5/5
  2994 | D:4      | Found an ancient bone altar of Kikubaaqudgha.
  3182 | D:4      | Reached skill level 1 in Throwing
  3261 | D:4      | Found a white marble altar of Elyvilon.
  3273 | D:4      | Noticed a phantom
  3274 | D:4      | Noticed Ijyb
  3318 | D:4      | Killed Ijyb
  3392 | D:4      | Killed a phantom
  3393 | D:4      | Reached skill level 5 in Maces & Flails
  3393 | D:4      | Reached XP level 6. HP: 67/67 MP: 6/6
  3519 | D:4      | Noticed Robin
  3538 | D:4      | Killed Robin
  4018 | D:5      | Entered Level 5 of the Dungeon
  4093 | D:5      | Reached skill level 6 in Fighting
  4215 | D:5      | Reached XP level 7. HP: 65/75 MP: 7/7
  4332 | D:5      | Found a staircase to the Ecumenical Temple.
  4544 | D:5      | Reached *** piety under Trog
  4691 | D:5      | Found a broken altar of Ashenzari.
  5014 | D:5      | Reached skill level 7 in Fighting
  5413 | D:5      | Reached XP level 8. HP: 61/87 MP: 8/8
  5693 | D:6      | Noticed Menkaure
  5705 | D:6      | Killed Menkaure
  5793 | D:6      | Noticed Eustachio
  6297 | D:6      | Found Axzapn's Distillery.
  6300 | D:6      | Bought 2 potions of curing for 78 gold pieces
  6300 | D:6      | Bought a potion of heal wounds for 65 gold pieces
  6560 | D:6      | Reached skill level 8 in Fighting
  6758 | D:6      | Found a glowing silver altar of Zin.
  6799 | D:6      | Found an opulent altar of Gozag.
  7508 | D:7      | Reached XP level 9. HP: 72/93 MP: 9/9
  7598 | D:7      | Reached skill level 5 in Throwing
  8170 | D:7      | Reached skill level 9 in Fighting
  8656 | D:7      | Found a glowing golden altar of the Shining One.
  9236 | D:8      | Noticed a two-headed ogre
  9255 | D:8      | Killed a two-headed ogre
  9340 | D:8      | Noticed a hornet
  9347 | D:8      | Killed a hornet
  9348 | D:8      | Reached skill level 10 in Fighting
  9348 | D:8      | Reached XP level 10. HP: 68/110 MP: 10/10
  9478 | D:8      | Found a stormy altar of Qazlal.
  9685 | D:8      | Found a bloodstained altar of Trog.
  9957 | D:8      | Found a basalt altar of Yredelemnul.
 10002 | D:8      | Reached skill level 10 in Maces & Flails
 10864 | D:9      | Reached skill level 11 in Fighting
 10876 | D:9      | Slain by a yak

Illustrated notes

Levels and vault maps discovered:
D:1:      lightli_arrival_isolated_outpost, layout_basic
D:2:      layout_basic, serial_undead, serial_undead_e, serial_undead_a,
          serial_undead_c, serial_undead_e, serial_shops,
          nicolae_shop_statue_plus, st_stairs_12, fountainhead
D:3:      layout_loops_ring, serial_shops, nicolae_shop_statue_plus
D:4:      layout_loops_ring, lemuel_tele_altar, mainiacjoe_overflow_alcove_1,
          uniq_ijyb, uniq_robin
D:5:      layout_loops_ring, lemuel_coloured_pillars_altar,
          minmay_temple_entry_glass, minmay_strange_pillars
D:6:      layout_basic, pdpol_temple_overflow_zin_treasury_gozag_greed,
          serial_shops, kennysheep_mini_moat, minmay_strange_pillars,
          uniq_eustachio, uniq_menkaure
D:7:      layout_basic, marbit_many_paths, minmay_misc_feat_encased,
          hangedman_decor_diamond_cutter, chequers_serial_rivers_marsh,
          minmay_fractal_squares_5
D:8:      layout_basic, mainiacjoe_overflow_catwalk,
          mainiacjoe_overflow_chevrons, mainiacjoe_overflow_alcove_2
D:9:      layout_basic, nemelex_diamond_rough_becter,
          nicolae_straight_to_the_point

Skill      XL: |  1  2  3  4  5  6  7  8  9 10 |
---------------+-------------------------------+-----
Maces & Flails | 3 4 5 6 8 9 10 | 10.7
Fighting       | 5 6 7 8 10 11 | 11.1
Throwing       | 1 2 3 4 6 7 |  7.4
Dodging        | |  2.6

Action                   |  1- 3 |  4- 6 |  7- 9 | 10-12 || total
-------------------------+-------+-------+-------+-------++-------
Melee: Mace              |    99 |     6 |       |       ||   105
       Punch             |     3 |       |     4 |     1 ||     8
       Flail             |       |   126 |   210 |    92 ||   428
Throw: Dart              |       |    33 |    17 |    23 ||    73
       Javelin           |       |     3 |     9 |    13 ||    25
       Boomerang         |       |     4 |    35 |     2 ||    41
Invok: Berserk           |     1 |     3 |     7 |     3 ||    14
       Trog's Hand       |     1 |     2 |    11 |     1 ||    15
Evoke: Wand              |       |     4 |     1 |       ||     5
  Use: Scroll            |       |       |     8 |     1 ||     9
 Stab: Sleeping          |       |       |     1 |       ||     1
Armor: Animal skin       |    24 |    37 |    79 |     9 ||   149
Dodge: Dodged            |    50 |    66 |   141 |    33 ||   290

Table legend: (Time is in decaauts)
 A = Elapsed time spent in this place.
 B = Non-inter-level travel time spent in this place.
 C = Inter-level travel time spent in this place.
 D = Time resting spent in this place.
 E = Time spent auto-exploring this place.
 F = Levels seen in this place.
 G = Mean time per level.
                   A        B        C        D        E       F      G
               +--------+--------+--------+--------+--------+-----+--------+
         Total |  11025 |  10751 |    274 |    909 |   8225 |   9 | 1225.0 |
       Dungeon |  11025 |  10751 |    274 |    909 |   8225 |   9 | 1225.0 |
               +--------+--------+--------+--------+--------+-----+--------+

Top non-repeatable levels by time:
     D:7: 2424 daAuts
     D:5: 1751 daAuts
     D:6: 1105 daAuts
     D:4: 1103 daAuts
     D:2: 1046 daAuts
     D:1: 1008 daAuts
     D:8: 965 daAuts
     D:3: 931 daAuts
     D:9: 690 daAuts
